 Dungeon Crawl Stone Soup version 0.27.1-1-g398f81649c (webtiles) character file.

Game seed: 9620833784789657919

6898 bnorton916 the Destroyer (level 10, -6/50 HPs)
             Began as a Deep Elf Conjurer on Sept 8, 2021.
             Was a Believer of Vehumet.
             Engulfed by a cloud of freezing vapour (17 damage)
             ... on level 11 of the Dungeon on Sept 9, 2021.
             The game lasted 00:20:06 (15915 turns).

bnorton916 the Destroyer (Deep Elf Conjurer)       Turns: 15915, Time: 00:20:07

Health: -6/50      AC:  9    Str:  5    XL:     10   Next: 79%
Magic:  15/25      EV: 13    Int: 26    God:    Vehumet [**....]
Gold:   313        SH:  5    Dex: 19    Spells: 2/27 levels left

rFire    . . .     SeeInvis .   e - +1 dagger (protect)
rCold    . . .     Faith    .   (no shield)
rNeg     . . .     Spirit   .   o - +2 robe {Will+}
rPois    .         Reflect  +   B - +2 helmet
rElec    .         Harm     .   k - +1 cloak {Will+}
rCorr    .         Rampage  .   (no gloves)
Will     ++++.                  (no boots)
Stlth    ++........             h - amulet of reflection
HPRegen  0.16/turn              x - ring of willpower
MPRegen  0.19/turn              P - +6 ring of dexterity

@: no status effects
A: no striking features
a: Renounce Religion


You were on level 11 of the Dungeon.
You worshipped Vehumet.
Vehumet was pleased with you.
You visited 2 branches of the dungeon, and saw 12 of its levels.

You collected 500 gold pieces.
You spent 187 gold pieces at shops.

Inventory:

Hand Weapons
 e - a +1 dagger of protection (weapon)
 p - a +3 short sword of draining
 u - a +7 scimitar of freezing
Missiles
 g - 318 stones
Armour
 k - a +1 cloak of willpower (worn)
 o - a +2 robe of willpower (worn)
 y - +0 steam dragon scales
 B - a +2 helmet (worn)
 O - a +0 pair of boots
Magical Staves
 t - a staff of earth
Jewellery
 f - a ring of see invisible
 h - an amulet of reflection (around neck)
 l - a ring of protection from cold
 s - a ring of fire
 x - a ring of willpower (left hand)
 I - an amulet of magic regeneration
 P - a +6 ring of dexterity (right hand)
Wands
 r - a wand of charming (6)
 D - a wand of digging (1)
 F - a wand of paralysis (19)
 H - a wand of flame (38)
Scrolls
 a - a scroll of blinking
 c - 5 scrolls of teleportation
 d - 2 scrolls of enchant weapon
 m - 2 scrolls of enchant armour
 n - 3 scrolls of identify
 q - 2 scrolls of amnesia
 w - a scroll of fog
 K - a scroll of immolation {unknown}
Potions
 b - 6 potions of curing
 i - 5 potions of heal wounds
 j - 3 potions of flight
 v - a potion of resistance {unknown}
 z - 3 potions of haste {unknown}
 A - a potion of might {unknown}
 C - a potion of attraction {unknown}
 E - a potion of magic {unknown}
 G - 2 potions of degeneration {unknown}
 J - 2 potions of mutation {unknown}
 L - a potion of ambrosia {unknown}
 M - a potion of brilliance {unknown}
Miscellaneous
 N - a lightning rod (4/4)


   Skills:
 - Level 2.4 Dodging
 - Level 2.4 Stealth
 - Level 9.4 Spellcasting
 + Level 10.1 Conjurations
 - Level 7.0 Hexes
 - Level 5.8 Translocations
 + Level 5.0 Fire Magic
 + Level 8.3 Ice Magic
 - Level 3.0 Air Magic
 - Level 3.0 Poison Magic


You had 2 spell levels left.
You knew the following spells:

 Your Spells              Type           Power      Damage    Failure   Level
a - Magic Dart            Conj           100%       1d8       1%          1
b - Searing Ray           Conj           100%       3d7       1%          2
c - Fulminant Prism       Conj/Hex       27%        3d14      1%          4
d - Iskenderun's Mystic   Conj/Tloc      52%        2d11      1%          4
e - Mephitic Cloud        Conj/Pois/Air  40%        N/A       1%          3
f - Freezing Cloud        Conj/Ice/Air   24%        6-21      7%          5
g - Starburst             Conj/Fire      25%        6d8       34%         6

Your spell library contained the following spells:

 Spells                   Type           Power      Damage    Failure   Level
 Static Discharge         Conj/Air       46%        N/A       1%          2
 Slow                     Hex            48%        N/A       1%          2
 Poisonous Vapours        Pois/Air       54%        N/A       2%          2
 Corpse Rot               Necr/Air       N/A        N/A       4%          2
 Call Imp                 Summ           12%        N/A       8%          2
 Passwall                 Tmut/Erth      10%        N/A       8%          2
 Confusing Touch          Hex            48%        N/A       1%          3
 Dazzling Flash           Conj/Hex       100%       N/A       1%          3
 Swiftness                Air            27%        N/A       4%          3
 Vampiric Draining        Necr           6%         2d6       14%         3
 Invisibility             Hex            24%        N/A       38%         6


Dungeon Overview and Level Annotations

Branches:
Dungeon (11/15)            Temple (1/1) D:6             Orc (0/2) D:10
   Lair: D:8-11

Altars:
Ashenzari
Cheibriados
Dithmenos
Elyvilon
Fedhas
Gozag
Hepliaklqana
Kikubaaqudgha
Makhleb
Nemelex Xobeh
Okawaru
Qazlal
Ru
Sif Muna
Trog
Uskayaw
Vehumet
Wu Jian
Xom
Yredelemnul
Zin
The Shining One

Shops:
D:7 [(

Annotations:
D:8 1 runed translucent door, AttackTheMoon's ghost, novice DrCK
D:9 2 transporters, pbellow's ghost, novice HOFi


Message History

The searing ray hits the two-headed ogre!
The two-headed ogre is moderately wounded.
The two-headed ogre shouts in stereo! (Press . to maintain the ray.)
The wyvern bites you.
The wyvern bites you but does no damage.
The wyvern barely misses you. The wyvern barely misses you.
The wyvern closely misses you.
The wyvern bites you but does no damage.
The wyvern bites you but does no damage.
The wyvern bites you! The wyvern bites you.
The wyvern bites you but does no damage.
Casting: Searing Ray (safe; 1% risk of failure)
Confirm with . or Enter, or press ? or * to list all spells.
The spell is quite dangerous to cast (8% risk of failure)!
Continue anyway?
Aiming: Freezing Cloud (quite dangerous; 8% risk of failure)
Press: ? - help, Dir - move target, f/p - two-headed ogre
Aim: a two-headed ogre, wielding a +0 giant club and a +0 giant spiked club (lightly wounded) That beam is likely to hit you.
Continue anyway?
You are engulfed in freezing vapours.
The wyvern is engulfed in freezing vapours.
The wyvern closely misses you.
The two-headed ogre is engulfed in freezing vapours.
The wyvern is engulfed in freezing vapours.
You kill the wyvern!
Vehumet accepts your kill.
The two-headed ogre is engulfed in freezing vapours.
Your Fire Magic skill increases to level 5!
Casting: Freezing Cloud (quite dangerous; 7% risk of failure)
Confirm with . or Enter, or press ? or * to list all spells.
You erupt in a blast of force!
The mystic blast hits the two-headed ogre!
The two-headed ogre is severely wounded.
The two-headed ogre is knocked back by the mystic blast.
You are engulfed in freezing vapours.
* * * LOW HITPOINT WARNING * * *
You are engulfed in freezing vapours.
You die...

#.............#
#...........###
#.....#.###.##########
##'#....# #.....†....#
#.################.##
#..........#.....#.#
##########.#.###.#.#
..# #.#<....#.#
##.###### #@#.#####.#
.... ..# #§#.......#
#..# #.# #§#########
+#####..###.# #O#
.........##.# #§#
.........##.####§#
..?......##....§§#
................##
#..##...........#


You could see a two-headed ogre.

Vanquished Creatures
  2 two-headed ogres (D:10)
  A troll (D:9)
  A wraith (D:10)
  3 wyverns
  6 yaks (D:11)
  2 steam dragons
  Edmund (D:4)
  An acid dragon (D:8)
  A water moccasin (D:5)
  4 orc warriors
  3 necrophages
  A sky beast (D:7)
  A black bear (D:8)
  An ice beast (D:6)
  An ogre (D:5)
  4 centaurs
  A phantom (D:4)
  5 kobold brigands
  3 bullfrogs
  A scorpion (D:5)
  A killer bee (D:4)
  A water moccasin skeleton (D:6)
  3 wights (D:8)
  3 howler monkeys
  4 centaur zombies
  3 hounds
  2 bullfrog skeletons (D:5)
  5 orc priests
  A centaur skeleton (D:6)
  2 iguanas
  11 orc wizards
  Terence (D:2)
  A hound skeleton (D:4)
  Robin (D:4)
  3 gnolls (D:3)
  9 adders
  2 shadow imps
  3 white imps
  2 ufetubi
  An adder skeleton (D:4)
  A worm (D:2)
  2 dart slugs
  29 orcs
  8 ball pythons
  4 endoplasms
  2 giant cockroaches
  14 goblins
  11 hobgoblins
  4 jackals (D:1)
  9 quokkas
  6 bats
  6 frilled lizards
  20 kobolds
  A rat (D:1)
219 creatures vanquished.

Vanquished Creatures (others)
  An orc (D:7)
  11 fulminant prisms
12 creatures vanquished.

Grand Total: 231 creatures vanquished

Notes
Turn   | Place    | Note
-------+----------+-------------------------------------------
     0 | D:1      | bnorton916 the Deep Elf Conjurer began the quest for the
                  | Orb.
     0 | D:1      | Reached XP level 1. HP: 10/10 MP: 6/6
   319 | D:1      | Reached XP level 2. HP: 15/15 MP: 6/8
  1041 | D:1      | Reached skill level 5 in Conjurations
  1081 | D:1      | Reached XP level 3. HP: 8/19 MP: 4/10
  1311 | D:1      | Found a faded altar of an unknown god.
  1871 | D:1      | Learned a level 2 spell: Searing Ray
  2194 | D:2      | Reached XP level 4. HP: 24/24 MP: 7/12
  2274 | D:2      | Noticed Terence
  2281 | D:2      | Killed Terence
  2418 | D:2      | Reached skill level 5 in Spellcasting
  2725 | D:3      | Reached XP level 5. HP: 28/28 MP: 10/14
  2845 | D:3      | Reached skill level 6 in Conjurations
  3212 | D:3      | Found a faded altar of an unknown god.
  3214 | D:3      | Found a hazy altar of Hepliaklqana.
  3763 | D:3      | Learned a level 4 spell: Fulminant Prism
  3768 | D:3      | Learned a level 4 spell: Iskenderun's Mystic Blast
  3772 | D:3      | Learned a level 3 spell: Mephitic Cloud
  3919 | D:4      | Reached XP level 6. HP: 31/32 MP: 10/17
  3992 | D:4      | Found a sacrificial altar of Ru.
  4152 | D:4      | Reached skill level 1 in Hexes
  4152 | D:4      | Reached skill level 1 in Translocations
  4152 | D:4      | Reached skill level 1 in Poison Magic
  4620 | D:4      | Noticed Edmund
  4629 | D:4      | Killed Edmund
  4630 | D:4      | Reached XP level 7. HP: 36/36 MP: 5/18
  4746 | D:4      | Found a shimmering blue altar of Sif Muna.
  5440 | D:4      | Noticed Robin
  5465 | D:4      | Killed Robin
  5600 | D:4      | Found an iron altar of Okawaru.
  5726 | D:5      | Entered Level 5 of the Dungeon
  6186 | D:5      | Reached skill level 5 in Hexes
  6278 | D:5      | Found an ornate altar of the Wu Jian Council.
  6783 | D:5      | Reached XP level 8. HP: 41/41 MP: 14/19
  6789 | D:5      | Learned a level 5 spell: Freezing Cloud
  6935 | D:6      | Reached skill level 5 in Translocations
  6935 | D:6      | Reached skill level 1 in Ice Magic
  6935 | D:6      | Reached skill level 1 in Air Magic
  8195 | D:6      | Found a staircase to the Ecumenical Temple.
  8206 | Temple   | Entered the Ecumenical Temple
  8418 | Temple   | Became a worshipper of Vehumet
  8469 | D:6      | Found a stormy altar of Qazlal.
 10073 | D:7      | Found Mianimp's Antique Weapon Emporium.
 10138 | D:7      | Found a shadowy altar of Dithmenos.
 10165 | D:7      | Found Zafil's Antique Armour Shop.
 10173 | D:7      | Bought a glowing cloak for 187 gold pieces
 10420 | D:7      | Found a glowing golden altar of the Shining One.
 10629 | D:7      | Reached XP level 9. HP: 45/45 MP: 15/21
 10775 | D:8      | Found a runed translucent door.
 10780 | D:8      | Noticed AttackTheMoon's ghost (novice DrCK)
 11016 | D:8      | Reached skill level 7 in Conjurations
 11836 | D:8      | Reached * piety under Vehumet
 11836 | D:8      | Offered knowledge of Foxfire by Vehumet.
 12009 | D:8      | Reached skill level 5 in Ice Magic
 12497 | D:9      | Noticed a troll
 12503 | D:9      | Noticed a moth of wrath
 12506 | D:9      | Reached skill level 8 in Conjurations
 12507 | D:9      | Killed a troll
 12507 | D:9      | Noticed a troll
 12896 | D:9      | Found a transporter.
 12903 | D:9      | Noticed a troll
 12904 | D:9      | Noticed a cyclops
 12913 | D:9      | Noticed pbellow's ghost (novice HOFi)
 13691 | D:9      | Reached XP level 10. HP: 49/50 MP: 11/25
 13698 | D:9      | Found a bloodstained altar of Trog.
 13711 | D:9      | Found a transporter.
 13804 | D:9      | Learned a level 6 spell: Starburst
 14306 | D:10     | Entered Level 10 of the Dungeon
 14376 | D:10     | Offered knowledge of Static Discharge by Vehumet.
 14377 | D:10     | Reached skill level 1 in Fire Magic
 14542 | D:10     | Found a staircase to the Orcish Mines.
 14608 | D:10     | Noticed a two-headed ogre
 14609 | D:10     | Noticed a two-headed ogre
 14634 | D:10     | Killed a two-headed ogre
 14634 | D:10     | Killed a two-headed ogre
 14635 | D:10     | Reached skill level 9 in Conjurations
 15022 | D:10     | Reached ** piety under Vehumet
 15661 | D:11     | Reached skill level 10 in Conjurations
 15893 | D:11     | Noticed a two-headed ogre
 15914 | D:11     | Reached skill level 5 in Fire Magic
 15915 | D:11     | Engulfed by a cloud of freezing vapour

Illustrated notes

Levels and vault maps discovered:
D:1:      amcnicky_arrival_blooded_trapdoor, layout_basic,
          ebering_ecumenical_altar_petrified, chequers_avenue,
          hangedman_decor_peaks_small
D:2:      layout_rooms, uniq_terence
D:3:      layout_basic, beargit_hepliaklqana_dungeon_heroes
D:4:      minmay_chambers_of_fours, layout_basic, kennysheep_mini_moat,
          okawaru_ov_weapons_minmay, mainiacjoe_overflow_catwalk, uniq_edmund,
          uniq_robin
D:5:      layout_basic, nicolae_wu_jian_wuxing_cycle
D:6:      layout_basic, grunt_qazlal_clouds, minmay_temple_entry_grid,
          item_on_display_a
D:7:      layout_rooms, nicolae_tso_carved_into_rock, grunt_dithmenos_smoke,
          serial_shops, nicolae_shop_competitors_out_of_business, shop
D:8:      layout_gridville, ebering_ghost_reflecting_pool
D:9:      layout_rooms, gammafunk_ghost_wrathful_warriors, serial_corexii_hall,
          chequers_hall_statues_corner_a, corexii_hall_statues_l
D:10:     layout_long_grid, orc_0_dummy
D:11:     layout_basic, serial_shops, nicolae_stop_n_shop_1, minmay_between,
          uniq_maurice
Temple:   eino_temple_water

Skill      XL: |  1  2  3  4  5  6  7  8  9 10 |
---------------+-------------------------------+-----
Spellcasting   | 4 5 6 9 |  9.4
Conjurations   | 5 6 8 10 | 10.1
Hexes          | 3 5 7 |  7.0
Translocations | 2 4 5 |  5.8
Poison Magic   | 2 3 |  3.0
Ice Magic      | 3 6 8 |  8.3
Air Magic      | 3 |  3.0
Fire Magic     | 5 |  5.0
Dodging        | |  2.4
Stealth        | |  2.4

Action                   |  1- 3 |  4- 6 |  7- 9 | 10-12 || total
-------------------------+-------+-------+-------+-------++-------
Melee: Dagger            |       |       |    13 |     5 ||    18
 Cast: Magic Dart        |    76 |    60 |   151 |    29 ||   316
       Searing Ray       |     1 |    14 |    59 |    10 ||    84
       Fulminant Prism   |       |     1 |     8 |     2 ||    11
       Iskenderun's Myst |       |       |     4 |     8 ||    12
       Freezing Cloud    |       |       |       |     3 ||     3
  Use: Scroll            |       |       |    13 |       ||    13
Armor: Robe              |     5 |     1 |    19 |     6 ||    31
       Steam dragon scal |       |       |     7 |     5 ||    12
Dodge: Dodged            |    27 |     4 |    60 |    19 ||   110
Block: Other             |       |     3 |    25 |     1 ||    29
       Reflection        |       |     2 |     5 |       ||     7
